 Dungeon Crawl Stone Soup version 0.23.2-1-ga50397a (webtiles) character file.

Game seed: 392115267878344328

9 MalarOregon the Magician (level 2, 0/20 HPs)
             Began as a Merfolk Wizard on May 15, 2019.
             Slain by a hobgoblin
             ... wielding a +0 club
              (1 damage)
             ... on level 1 of the Dungeon.
             The game lasted 00:01:05 (597 turns).

MalarOregon the Magician (Merfolk Wizard)            Turns: 597, Time: 00:01:06

Health: 0/20       AC:  2    Str:  7    XL:     2   Next: 12%
Magic:  5/6        EV: 13    Int: 17    God:
Gold:   22         SH:  0    Dex: 12    Spells: 6/7 levels left

rFire    . . .     SeeInvis .   c - +0 short sword (drain)
rCold    . . .     Gourm    .   (no shield)
rNeg     . . .     Faith    .   a - +0 robe
rPois    .         Spirit   .   b - +0 hat
rElec    .         Reflect  .   (no cloak)
rCorr    .         Harm     .   (no gloves)
MR       .....                  (no boots)
Stlth    ++........             (no amulet)
HPRegen  0.06/turn              (no ring)
MPRegen  0.10/turn              (no ring)

@: no status effects
A: change form in water, swift swim, stealthy swim
a: no special abilities


You were on level 1 of the Dungeon.
You were not hungry.

You visited 1 branch of the dungeon, and saw 1 of its levels.

You collected 22 gold pieces.

Inventory:

Hand Weapons
 c - a +0 short sword of draining (weapon)
   (You took it off a kobold on level 1 of the Dungeon)
Armour
 a - a +0 robe (worn)
 b - a +0 hat (worn)
Scrolls
 d - a scroll of identify {unknown}
Potions
 f - a potion of flight {unknown}
Comestibles
 e - 2 rations {!d}


   Skills:
 + Level 0.6 Fighting
 + Level 2.8 Dodging
 + Level 2.3 Stealth
 * Level 3.1 Spellcasting
 * Level 1.0 Conjurations
   Level 1.0 Summonings
   Level 0.7 Translocations


You had 6 spell levels left.
You knew the following spells:

 Your Spells              Type           Power        Failure   Level  Hunger
a - Magic Dart            Conj           #...         11%         1    None

Your spell library contained the following spells:

 Spells                   Type           Power        Failure   Level  Hunger
 Call Imp                 Summ           #.......     17%         2    ##.....
 Blink                    Tloc           N/A          19%         2    ##.....
 Slow                     Hex            #.......     26%         2    ##.....
 Conjure Flame            Conj/Fire      #.......     38%         3    ###....
 Mephitic Cloud           Conj/Pois/Air  #.......     41%         3    ###....


Dungeon Overview and Level Annotations

Branches:
Dungeon (1/15)

Altars:


Message History

No target in view!
The bat closely misses you.
The bat is too close now for your liking.
You see here 18 stones.
A bat is nearby!
The bat closely misses you.
You miss the bat. The bat completely misses you. The bat misses you.
You barely miss the bat. The bat hits you but does no damage.
The bat misses you.
You closely miss the bat. The bat closely misses you.
The bat hits you but does no damage.
You hit the bat but do no damage. The bat hits you but does no damage.
You hit the bat.
You kill the bat!
No target in view!
You start resting.
Found a stone staircase leading down.
e - 2 rations {!d} (gained 1)
Found a yellow potion.
f - a yellow potion A hobgoblin comes into view.
It is wielding a +0 club.
Found a scroll labeled DENUOB FURGHY.
A hobgoblin is nearby!
A hobgoblin is nearby!
The hobgoblin shouts!
A giant cockroach comes into view.
You barely miss the hobgoblin. The hobgoblin hits you with a +0 club.
You barely miss the hobgoblin. The hobgoblin hits you with a +0 club.
You barely miss the hobgoblin. The hobgoblin barely misses you.
You hit the giant cockroach. The hobgoblin hits you with a +0 club.
* * * LOW HITPOINT WARNING * * *
The giant cockroach bites you but does no damage.
The giant cockroach bites you.
* * * LOW HITPOINT WARNING * * *
The hobgoblin barely misses you.
You barely miss the hobgoblin. The hobgoblin closely misses you.
You closely miss the hobgoblin. The hobgoblin barely misses you.
You hit the hobgoblin but do no damage. The hobgoblin hits you with a +0 club.
* * * LOW HITPOINT WARNING * * *
You hit the hobgoblin. The hobgoblin misses you.
The giant cockroach waves its antennae.
You hit the hobgoblin but do no damage. You drain the hobgoblin.
The hobgoblin hits you with a +0 club.
* * * LOW HITPOINT WARNING * * *
You barely miss the hobgoblin. The hobgoblin hits you with a +0 club.
* * * LOW HITPOINT WARNING * * *
Aim: a hobgoblin, wielding a +0 club (almost dead, heavily drained)
The magic dart hits the hobgoblin but does no damage.
The hobgoblin hits you with a +0 club.
You die...

.........# #.......#
....####.###### #.####..#
.## #......#
.........######## .#
#.####.# .................
#.# #.##...##.#..##.#####
###.####.##...##.#..##.#
.......................#
..........##..##.#.#####
.........sg@..##.#.....# #.
..........###..#.#####.####.
..........# .#.#####.#....
..........# ....(......#.
..........# ..#####......
#####..?..#### ..# #.....##
########'##..# #...#...
#.....##.###########
#.....##.#.........#


You could see a giant cockroach and a hobgoblin.

Vanquished Creatures
  A leopard gecko (D:1)
  A hobgoblin (D:1)
  2 kobolds (D:1)
  2 bats (D:1)
  A frilled lizard (D:1)
7 creatures vanquished.

Notes
Turn   | Place    | Note
-------+----------+-------------------------------------------
     0 | D:1      | MalarOregon the Merfolk Wizard began the quest for the Orb.
     0 | D:1      | Reached XP level 1. HP: 13/13 MP: 4/4
    78 | D:1      | Reached skill level 1 in Conjurations
   500 | D:1      | Reached XP level 2. HP: 17/20 MP: 6/6
   596 | D:1      | HP: 1/20 [hobgoblin/+0 club (3)]
   597 | D:1      | Slain by a hobgoblin

Skill      XL: |  1 |
---------------+----+-----
Conjurations   | 1 |  1.0
Fighting       | |  0.6
Dodging        | |  2.8
Stealth        | |  2.3
Spellcasting   | |  3.1
Summonings     | |  1.0
Translocations | |  0.7

Action                   || total
-------------------------++-------
Melee: Short sword       ||    35
 Cast: Magic Dart        ||     3
Armor: Robe              ||     5
Dodge: Dodged            ||    24
